 Dungeon Crawl Stone Soup version 0.30-a0-782-ge64f9170bb (webtiles) character file.

Game seed: 342310036419834603

29 BRD the Slasher (level 3, 0/29 HPs)
             Began as a Barachi Reaver on Feb 22, 2023.
             Slain by Sigmund
             ... wielding a +0 scythe
              (5 damage)
             ... on level 2 of the Dungeon.
             The game lasted 00:02:21 (892 turns).

BRD the Slasher (Barachi Reaver)                     Turns: 892, Time: 00:02:21

Health: 0/29       AC:  3    Str: 13    XL:     3   Next: 16%
Magic:  6/6        EV: 12    Int: 15    God:
Gold:   106        SH:  0    Dex: 10    Spells: 5/6 levels left

rFire   . . .      SeeInvis .    a - +0 falchion
rCold   . . .      Faith    .    (no shield)
rNeg    + . .      Spirit   .    b - +0 leather armour
rPois   .          Reflect  .    (no helmet)
rElec   .          Harm     .    (no cloak)
rCorr   .          Rampage  .    (no gloves)
Will    .....                    (no boots)
Stlth   +                        (no amulet)
HPRegen 0.24/turn                i - ring of positive energy
MPRegen 0.10/turn                (no ring)

@: slow
A: amphibious, slowness 1, strong legs 1, +LOS
a: Hop


You were on level 2 of the Dungeon.
You visited 1 branch of the dungeon, and saw 2 of its levels.

You collected 106 gold pieces.

Inventory:

Hand Weapons
 a - a +0 falchion (weapon)
Armour
 b - a +0 leather armour (worn)
Jewellery
 i - a ring of positive energy (left hand)
Scrolls
 c - a scroll of identify {unknown}
 d - 2 scrolls of blinking {unknown}
 g - a scroll of teleportation {unknown}
 j - a scroll of torment {unknown}
Potions
 h - a potion of curing


   Skills:
 * Level 3.3 Fighting
 + Level 3.9 Long Blades
 + Level 1.2 Armour
 + Level 2.6 Dodging
 - Level 2.1 Spellcasting
 - Level 3.2 Conjurations


You had 5 spell levels left.
You knew the following spells:

 Your Spells              Type           Power      Damage    Failure   Level
a - Kiss of Death         Conj/Necr      24%        2d7       14%         1

Your spell library contained the following spells:

 Spells                   Type           Power      Damage    Failure   Level
 Momentum Strike          Conj/Tloc      12%        3d8       22%         2
 Hailstorm                Conj/Ice       6%         3d4       38%         3


Dungeon Overview and Level Annotations

Branches:
Dungeon (2/15)

Altars:

Annotations:
D:2 Sigmund


Innate Abilities, Weirdness & Mutations

You are amphibious.
You cover ground slowly.
You can hop short distances.
You have an extended range of vision and can be seen from far away.


Message History

Something tries to affect you, but you resist.
You barely miss something. Something hits you but does no damage.
You barely miss something. Something hits you.
You slash something! You miss something. Something hits you but does no damage.
You miss something. You barely miss something. You punch something.
You hear some strange, mumbled words.
A magic dart appears from out of thin air!
The magic dart hits you but does no damage.
You hit something.
Your transformation is almost over.
Something hits you but does no damage.
You hit something. Something hits you.
You barely miss something. You hit something but do no damage.
Something hits you but does no damage.
You closely miss something. Something hits you but does no damage.
You completely miss something. Something hits you.
You slash something! You hit something but do no damage. Something hits you!
You hit something.
You hear some strange, mumbled words.
A magic dart appears from out of thin air!
The magic dart hits you but does no damage.
You barely miss something.
You feel less wooden.
Your +0 leather armour unmelds from your body.
Something hits you!
* * * LOW HITPOINT WARNING * * *
You hit something. Something hits you.
* * * LOW HITPOINT WARNING * * *
You feel less attractive to monsters.
You hit something.
Unknown command.
You feel better. Something hits you but does no damage.
You barely miss something. Something hits you!
* * * LOW HITPOINT WARNING * * *
You hit something but do no damage. You barely miss something.
Something hits you.
You die...

###########
#.........#
###.........#
...)....<..#
#.........##########
#..........@{.......
#.........##########
#..)......##### ###
#.............#
..####.........###.#
#.##.....#...###
.....####.####
#.#.......#
#.#..######


There were no monsters in sight!

Vanquished Creatures
  3 endoplasms
  7 hobgoblins
  6 jackals
  A quokka (D:1)
  A bat (D:1)
  2 frilled lizards
  3 kobolds (D:1)
  A rat (D:1)
24 creatures vanquished.

Notes
Turn   | Place    | Note
-------+----------+-------------------------------------------
     0 | D:1      | BRD the Barachi Reaver began the quest for the Orb.
     0 | D:1      | Reached XP level 1. HP: 17/17 MP: 3/3
    71 | D:1      | Reached XP level 2. HP: 14/23 MP: 5/5
   272 | D:1      | Found a faded altar of an unknown god.
   320 | D:1      | Reached skill level 1 in Armour
   727 | D:1      | You fall into a shaft and drop 1 floor!
   773 | D:2      | Reached XP level 3. HP: 28/29 MP: 6/6
   853 | D:2      | Noticed Sigmund
   892 | D:2      | Slain by Sigmund

Illustrated notes

Levels and vault maps discovered:
D:1:      psy_arrival_radial02, layout_basic, basic_ecumenical_altar,
          serial_bayou_pond_e, minmay_stone_trees_small,
          dreamdust_mushroom_princess
D:2:      layout_loops_ring, minmay_hexomino_p4, uniq_sigmund

Skill      XL: |  1  2 |
---------------+-------+-----
Fighting       | 3 |  3.3
Armour         | 1 |  1.2
Long Blades    | |  3.9
Dodging        | |  2.6
Spellcasting   | |  2.1
Conjurations   | |  3.2

Action                     || total
---------------------------++-------
  Melee: Falchion          ||   110
         Punch             ||     1
  Throw: Dart              ||     4
    Use: Potion            ||     4
   Stab: Invisible         ||     2
 Armour: Leather armour    ||    19
         Skin              ||     9
  Dodge: Dodged            ||    57

Table legend: (Time is in decaauts)
 A = Elapsed time spent in this place.
 B = Non-inter-level travel time spent in this place.
 C = Inter-level travel time spent in this place.
 D = Time resting spent in this place.
 E = Time spent auto-exploring this place.
 F = Levels seen in this place.
 G = Mean time per level.
                   A        B        C        D        E       F      G
               +--------+--------+--------+--------+--------+-----+--------+
         Total |   1025 |   1025 |      0 |      0 |    813 |   2 |  512.5 |
       Dungeon |   1025 |   1025 |      0 |      0 |    813 |   2 |  512.5 |
               +--------+--------+--------+--------+--------+-----+--------+

Top non-repeatable levels by time:
     D:1: 838 daAuts
     D:2: 186 daAuts
